Map: Terraform LE (Void)

Players

Tdizzle

  • Race: Zerg Zerg
  • League: Silver

FCAvenger - Winner!

  • Race: Terran Terran
  • League: Silver

VOD

Have the link to the VOD?

Description

Reddit, all things terran

Time

  • Played on: Oct. 9, 2015, 4:12 p.m.
  • Length: 31:28
Show
View Real Time Build Order
Export as new Build Order

Tdizzle Zerg 

Build Orders: Hatch First, Swarm Host 

Get SALT Encoding   

  12  0:05  Drone  
  13  0:13  Drone  
  14  0:18  Extractor  
  13  0:21  Extractor  
  13  0:23  Drone  
  13  0:24  Drone  
  16  0:48  Hatchery  
  15  1:19  Spawning Pool  
  15  1:21  Overlord, Extractor  
  15  1:23  Drone  
  14  1:27  Extractor  
  14  1:28  Drone  
  14  1:50  Drone x2  
  16  1:59  Drone  
  17  2:07  Zergling x2  
  17  2:08  Queen  
  18  2:11  Zergling x2  
  18  2:13  Queen  
  23  2:19  Zergling x2  
  24  2:28  Overlord  
  24  2:32  Drone  
  25  2:38  Drone  
  26  2:47  Drone  
  27  2:55  Metabolic Boost  
  27  2:59  Evolution Chamber  
  27  3:04  Evolution Chamber, Drone  
  25  3:16  Drone  
  25  3:17  Baneling Nest  
  25  3:18  Drone  
  26  3:25  Drone  
  27  3:27  Drone  
  28  3:38  Zergling x2  
  28  3:39  Zergling x4  
  28  3:40  Zergling x2  
  32  3:46  Zergling x2  
  32  3:47  Zergling x2  
  34  4:00  Zerg Ground Armor Level 1  
  34  4:03  Zerg Melee Weapons Level 1  
  34  4:16  Baneling x4  
  34  4:26  Overlord  
  34  4:35  Drone x2, Extractor  
  34  4:36  Drone  
  36  4:38  Baneling  
  36  4:39  Baneling x3  
  36  4:40  Baneling x2  
  36  4:41  Baneling x2  
  36  4:45  Drone x2  
  38  4:46  Drone  
  39  4:56  Drone x2  
  33  5:19  Lair  
  33  5:26  Zergling x6  
  33  5:27  Zergling x6  
  39  5:29  Zergling x6  
  42  5:45  Overlord  
  42  5:56  Hatchery  
  41  6:06  Zerg Missile Weapons Level 1  
  41  6:09  Baneling x3  
  41  6:10  Baneling x2  
  41  6:11  Baneling x2  
  41  6:12  Baneling x2  
  41  6:13  Baneling  
  41  6:25  Drone, Infestation Pit  
  41  6:26  Drone x4  
  41  6:31  Extractor  
  35  7:02  Swarm Host  
  35  7:03  Swarm Host  
  35  7:04  Swarm Host x2  
  47  7:16  Drone  
  47  7:20  Drone x4  
  52  7:48  Spore Crawler  
  52  7:50  Spore Crawler  
  50  7:53  Spore Crawler  
  49  7:59  Drone x3, Hydralisk Den  
  49  8:05  Overlord, Drone  
  51  8:06  Drone x3  
  55  8:28  Zergling x6  
  55  8:33  Hydralisk x3  
  62  8:37  Zergling x4  
  62  8:38  Overlord  
  62  8:40  Zerg Missile Weapons Level 2  
  66  8:42  Zerg Ground Armor Level 2  
  66  8:57  Swarm Host  
  66  8:58  Swarm Host  
  72  9:07  Lurker Den  
  72  9:18  Overlord x2  
  72  9:27  Spore Crawler  
  71  9:35  Drone x2  
  71  9:36  Drone  
  74  9:39  Extractor  
  74  9:43  Queen  
  74  9:44  Spore Crawler  
  74  10:19  Hydralisk x2  
  74  10:20  Hydralisk x5  
  88  10:27  Queen  
  90  10:28  Spire  
  90  10:35  Overlord  
  89  10:51  Overlord  
  89  10:53  Queen  
  90  11:01  Hydralisk x3  
  74  11:43  Extractor  
  74  11:46  Zerg Flyer Weapons Level 1  
  73  11:49  Corruptor x3  
  73  11:50  Corruptor x4  
  73  11:51  Corruptor  
  89  11:54  Lurker x2  
  89  11:55  Lurker  
  92  12:02  Hatchery  
  91  12:13  Queen  
  84  12:52  Hive  
  84  12:58  Drone x6  
  88  12:59  Drone  
  75  14:01  Zerg Flyer Armor Level 1  
  75  14:16  Corruptor x2  
  75  14:17  Corruptor x5  
  75  14:18  Corruptor x5  
  75  14:23  Viper x2  
  105  14:24  Viper  
  108  14:31  Drone x3  
  111  15:06  Extractor  
  110  15:08  Queen  
  110  15:09  Extractor  
  111  15:22  Hatchery  
  110  15:55  Zerg Flyer Weapons Level 2  
  86  16:14  Corruptor x7  
  86  16:35  Corruptor x2  
  72  17:14  Hydralisk x2  
  72  17:15  Hydralisk x7  
  88  17:36  Viper  
  91  17:40  Drone x2  
  91  17:41  Drone  
  91  17:42  Queen  
  96  18:09  Extractor  
  95  18:14  Extractor  
  94  18:28  Viper x2  
  100  19:03  Zerg Flyer Armor Level 2  
  100  19:29  Corruptor  
  100  19:30  Corruptor x2  
  106  19:33  Corruptor x3  
  106  19:37  Overlord x3  
  112  20:31  Hydralisk  
  112  20:32  Hydralisk x4  
  122  20:57  Hydralisk x2  
  86  21:56  Hydralisk x3  
  92  22:37  Hydralisk x3  
  92  22:42  Corruptor x3  
  104  22:44  Queen  
  104  22:46  Zerg Flyer Weapons Level 3  
  104  22:48  Hydralisk x5  
  104  22:49  Hydralisk x4  
  104  23:59  Hydralisk x3  
  110  24:26  Hatchery  
  85  25:14  Queen  
  85  25:16  Corruptor x3  
  90  25:21  Corruptor x2  
  94  25:35  Hydralisk  
  94  25:36  Hydralisk  
  98  26:23  Hydralisk x5  
  98  26:24  Hydralisk x3  
  42  27:33  Corruptor x2  
  42  27:34  Corruptor x4  
  54  27:38  Corruptor x3  
  54  27:39  Corruptor  
  55  28:02  Hydralisk  
  55  28:03  Hydralisk x4  
  65  28:15  Hydralisk x3  
Show
View Real Time Build Order
Export as new Build Order

FCAvenger Terran - Winner!

Build Orders: Command Center First (CC) 

Get SALT Encoding   

  12  0:01  SCV  
  13  0:13  SCV  
  14  0:21  Supply Depot  
  14  0:25  SCV  
  15  0:33  Refinery  
  15  0:43  SCV  
  16  1:11  Command Center  
  16  1:14  SCV  
  17  1:30  Barracks  
  17  1:35  SCV  
  18  1:43  Supply Depot  
  18  1:47  SCV  
  19  1:59  SCV  
  20  2:20  Marine  
  20  2:21  Bunker  
  20  2:22  Factory  
  21  2:23  Orbital Command  
  21  2:33  Orbital Command  
  21  2:39  Marine  
  22  2:53  Engineering Bay  
  22  2:57  SCV  
  23  2:59  SCV  
  24  3:08  Factory Tech Lab  
  24  3:10  SCV  
  24  3:11  SCV, Marine  
  27  3:20  Refinery  
  27  3:23  Refinery  
  27  3:24  SCV  
  28  3:27  Siege Tank  
  28  3:29  SCV  
  28  3:33  Refinery  
  32  3:42  Missile Turret  
  32  3:43  Missile Turret  
  32  3:50  Missile Turret  
  32  3:51  SCV  
  32  3:52  SCV, Marine  
  35  3:57  Missile Turret  
  35  4:04  SCV x2  
  37  4:12  Barracks Reactor  
  37  4:16  SCV x2, Siege Tank  
  42  4:18  Missile Turret  
  42  4:28  Supply Depot  
  42  4:36  SCV  
  43  4:40  Missile Turret  
  43  4:50  Starport  
  43  4:51  Supply Depot  
  43  4:55  Factory  
  43  5:06  SCV  
  42  5:18  Bunker  
  42  5:21  Widow Mine  
  42  5:22  SCV x2  
  42  5:27  Marine  
  47  5:34  SCV  
  48  5:38  Starport Tech Lab  
  48  5:39  Starport  
  48  5:45  Fusion Core  
  48  5:50  Armory x2  
  48  5:54  SCV  
  49  6:01  Marine  
  50  6:13  SCV, Hellion x2  
  50  6:14  SCV  
  56  6:20  Widow Mine  
  58  6:47  Starport Tech Lab  
  58  6:50  Weapon Refit  
  58  6:59  Supply Depot  
  58  7:00  Supply Depot  
  58  7:02  Supply Depot  
  58  7:04  Command Center  
  58  7:12  Hellion x2  
  62  7:21  Battlecruiser, Hellion x4  
  68  7:28  Siege Tank  
  68  7:29  SCV x2  
  79  7:51  Battlecruiser  
  79  7:53  Behemoth Reactor  
  79  7:54  SCV x2  
  79  7:56  Terran Vehicle And Ship Armor Level 1  
  79  7:57  Terran Ship Weapons Level 1  
  81  8:04  Starport  
  81  8:13  Barracks Reactor  
  78  8:44  Battlecruiser  
  84  8:52  Planetary Fortress  
  84  8:59  Missile Turret  
  84  9:08  Siege Tank  
  87  9:16  SCV  
  88  9:22  Missile Turret  
  88  9:28  SCV  
  95  9:31  Battlecruiser  
  95  9:35  Bunker  
  95  9:41  SCV x2  
  100  9:45  Marine  
  100  9:47  Refinery x2  
  101  10:05  SCV, Marine  
  96  10:17  SCV  
  93  10:21  Battlecruiser  
  99  10:29  Siege Tank  
  99  10:31  SCV x2  
  104  10:43  SCV x2  
  104  10:47  Starport  
  106  10:59  Terran Ship Weapons Level 2, Terran Vehicle And Ship Armor Level 2  
  102  11:39  Starport Reactor  
  102  11:40  Battlecruiser  
  102  11:41  Battlecruiser  
  114  11:49  SCV x2  
  116  11:59  Supply Depot  
  116  12:00  Supply Depot x2  
  116  12:01  Supply Depot  
  116  12:05  Supply Depot  
  116  12:21  Hellion x2, Siege Tank  
  123  12:34  Factory  
  123  12:35  Factory  
  116  12:59  Siege Tank  
  123  13:05  Hellion  
  123  13:06  Hellion  
  123  13:17  Liberator x2  
  123  13:18  Liberator  
  119  13:25  Factory Reactor  
  120  13:55  SCV  
  121  14:00  Liberator x2  
  121  14:08  Hellion x2  
  125  14:10  Hellion  
  125  14:14  Battlecruiser  
  139  14:33  Hellion x2  
  139  14:34  Hellion, Starport  
  139  14:38  Hellion  
  147  15:06  Liberator  
  141  15:22  Battlecruiser x2  
  156  15:34  SCV  
  157  15:41  Liberator  
  157  15:42  Command Center, Supply Depot  
  157  15:44  Supply Depot  
  157  15:45  Supply Depot  
  157  15:48  Command Center  
  157  15:50  Supply Depot  
  157  15:56  SCV  
  140  16:33  Hellion x2  
  140  16:34  Hellion x2  
  126  17:33  Terran Vehicle And Ship Armor Level 3  
  126  17:34  Terran Ship Weapons Level 3, Liberator x2  
  125  17:46  Planetary Fortress  
  128  17:55  Starport  
  131  17:58  Starport Tech Lab  
  131  18:26  SCV  
  125  18:51  Refinery  
  125  18:54  Refinery  
  125  19:26  Refinery  
  125  19:28  Planetary Fortress, Refinery  
  110  19:54  Battlecruiser  
  116  20:00  Command Center  
  116  20:01  Hellion x2  
  116  20:03  Hellion  
  116  20:04  Hellion  
  115  20:18  SCV  
  116  20:30  SCV  
  109  21:16  Planetary Fortress  
  91  21:40  Liberator x2  
  91  22:13  SCV  
  86  22:25  SCV  
  86  22:27  Battlecruiser  
  93  22:30  Missile Turret  
  93  22:32  Battlecruiser  
  93  22:33  Missile Turret  
  93  22:36  Starport  
  98  23:04  Missile Turret, Liberator x2  
  98  23:15  Starport  
  98  23:23  Command Center, Starport Tech Lab  
  103  23:35  Infernal Pre-Igniter  
  84  23:59  Command Center, Refinery  
  84  24:02  Refinery  
  82  24:12  Battlecruiser x3  
  98  24:26  Hellion x5  
  108  24:41  SCV  
  108  24:44  Refinery  
  109  24:46  Viking x2  
  109  24:47  Hellion  
  103  25:16  Battlecruiser x3  
  103  25:19  Viking  
  123  25:22  Hellion  
  123  25:23  Hellion x2  
  133  25:37  Command Center  
  133  25:40  Command Center  
  129  25:44  Hellion  
  129  25:48  Hellion x2  
  135  25:54  SCV  
  136  26:03  Liberator  
  119  27:23  Battlecruiser  
Tags
 
Add a new tag
Caveats
  • Supply blocks, unpowered buildings, or Contaminate may cause inaccurate times.
  • Supply counts are checked every 10 seconds.